 Dungeon Crawl Stone Soup version 0.31.0-9-g3a7656b989 (webtiles) character file.

Game seed: 6105652358175532506

33 qw the Shooter (level 3, 0/20 HPs)
             Began as a Deep Elf Hunter on Feb 2, 2024.
             Killed from afar by Sigmund (8 damage)
             ... with a magic dart
             ... on level 2 of the Dungeon.
             The game lasted 00:00:02 (611 turns).

qw the Shooter (Deep Elf Hunter)                     Turns: 611, Time: 00:00:03

Health: 0/20       AC:  5    Str: 10    XL:     3   Next: 12%
Magic:  5/5        EV: 11    Int: 13    God:
Gold:   42         SH:  0    Dex: 18    Spells: 2/2 levels left

rFire   . . .        a - +3 shortbow
rCold   . . .        (shield currently unavailable)
rNeg    . . .        d - +0 ring mail
rPois   .            (no helmet)
rElec   .            (no cloak)
rCorr   .            (no gloves)
SInv    .            (no boots)
Will    .....        (no amulet)
Stlth   +            (no ring)
HPRegen 0.23/turn    (no ring)
MPRegen 0.09/turn

%: no passive effects
@: no status effects
A: no striking features
a: no special abilities


You were on level 2 of the Dungeon.
You visited 1 branch of the dungeon, and saw 2 of its levels.

You collected 42 gold pieces.


   Skills:
 - Level 1.5 Fighting
 + Level 6.7 Ranged Weapons
 - Level 2.4 Dodging
 - Level 1.2 Stealth


You had 2 spell levels left.
You didn't know any spells.
Your spell library was empty.

Inventory:

Hand Weapons
 a - a +3 shortbow (weapon)
Armour
 d - a +0 ring mail (worn)
Potions
 e - a potion of berserk rage {unknown}
 g - a potion of lignification {unknown}

Dungeon Overview and Level Annotations

Branches:
Dungeon (2/15)

Altars:

Annotations:
D:2 Sigmund


Message History

Your +1 shortbow glows red for a moment.
567 ||| READING scroll of enchant weapon.
567 ||| ENCHANTING +2 shortbow.
Your +2 shortbow glows red for a moment.
Done exploring.
568 ||| DROPPING scroll of butterflies.
You drop a scroll of butterflies.
Done exploring.
What level of the Dungeon? (default 1, ? - help)
There is a stone staircase leading down here.
You climb downwards.
Found a ring mail and 7 gold pieces.
There is a stone staircase leading up here.
Waypoint 1 assigned to D:2.
You now have 42 gold pieces (gained 7).
Sigmund the Dreaded comes into view.
He is wielding a +0 scythe.
You shoot an arrow. The arrow hits Sigmund!
Sigmund shouts!
Sigmund is moderately wounded.
You shoot an arrow. The arrow hits Sigmund!
Sigmund is severely wounded.
You shoot an arrow. The arrow hits Sigmund!
Sigmund is almost dead.
Sigmund mumbles some strange words.
Sigmund flickers and vanishes!
Deactivating autopickup; reactivate with Ctrl-A.
You shoot an arrow. You shoot an arrow. You shoot an arrow. Something hits you!
Ouch! That really hurt!
You shoot an arrow.
You hear some strange, mumbled words.
A puff of flame appears from out of thin air!
The puff of flame hits you.
You shoot an arrow. Something barely misses you.
You shoot an arrow.
A magic dart appears from out of thin air!
The magic dart hits you!
You die...

.####....<#
.........[#
####.....#
##...## ##.##
####.####
#.......#
#.##.##.# # #@#
#
.....{?........
####.##.##.###.
# #.# # ... #..
###


There were no monsters in sight!

Vanquished Creatures
  2 dart slugs (D:1)
  3 ball pythons (D:1)
  4 bats (D:1)
  5 endoplasms (D:1)
  A giant cockroach (D:1)
  A goblin (D:1)
  A hobgoblin (D:1)
  A quokka (D:1)
  A frilled lizard (D:1)
  3 kobolds (D:1)
  5 rats (D:1)
27 creatures vanquished.

Notes
Turn   | Place    | Note
-------+----------+-------------------------------------------
     0 | D:1      | qw the Deep Elf Hunter began the quest for the Orb.
     0 | D:1      | Reached XP level 1. HP: 12/12 MP: 3/3
     0 | D:1      | 0 ||| qw: Version: 0.3-a-155-g5e7d8dd
     0 | D:1      | 0 ||| qw: Game counter: 1687
     0 | D:1      | 0 ||| qw: Melee chars always use a shield: true
     0 | D:1      | 0 ||| qw: God list: Okawaru
     0 | D:1      | 0 ||| qw: Allow faded altars: false
     0 | D:1      | 0 ||| qw: Do Orc after clearing Dungeon:15 true
     0 | D:1      | 0 ||| qw: Do second Lair branch before Depths: true
     0 | D:1      | 0 ||| qw: Lair rune preference: random
     0 | D:1      | 0 ||| qw: Goals: Normal
     0 | D:1      | 0 ||| PLANNING D:1-11
   115 | D:1      | Reached XP level 2. HP: 16/16 MP: 4/4
   120 | D:1      | Reached skill level 6 in Ranged Weapons
   197 | D:1      | Reached XP level 3. HP: 20/20 MP: 5/5
   554 | D:1      | 554 ||| UPGRADING to +0 ring mail.
   564 | D:1      | 564 ||| DROPPING +0 leather armour.
   565 | D:1      | 565 ||| READING 3 scrolls labelled IRCHUS XETT.
   565 | D:1      | 565 ||| ENCHANTING +0 shortbow.
   566 | D:1      | 566 ||| READING 2 scrolls of enchant weapon.
   566 | D:1      | 566 ||| ENCHANTING +1 shortbow.
   567 | D:1      | 567 ||| READING scroll of enchant weapon.
   567 | D:1      | 567 ||| ENCHANTING +2 shortbow.
   568 | D:1      | 568 ||| DROPPING scroll of butterflies.
   602 | D:2      | Noticed Sigmund
   611 | D:2      | Killed from afar by Sigmund

Levels and vault maps discovered:
D:1:      nzn_arrival_settlement, layout_loops_ring, minmay_statues_item,
          minmay_box_of_dots
D:2:      layout_loops_ring, nicolae_half_adder, uniq_sigmund

Skill      XL: |  1  2 |
---------------+-------+-----
Ranged Weapons | 6 |  6.7
Fighting       | |  1.5
Dodging        | |  2.4
Stealth        | |  1.2

Action                     || total
---------------------------++-------
   Fire: Shortbow          ||    57
    Use: Scroll            ||     3
 Armour: Leather armour    ||     5
         Ring mail         ||     3
  Dodge: Dodged            ||     7

Table legend:
 A = Non-vault XP
 B = Vault XP
 C = Vault XP percentage of total XP
 D = Non-vault monster count
 E = Vault monster count
 F = Vault count percentage of total count
                 A         B        C        D         E       F
            +---------+---------+-------+---------+---------+-------
      Total |      43 |       5 |  10.4 |      24 |       3 |  11.1
            +---------+---------+-------+---------+---------+-------
        D:1 |      43 |       5 |  10.4 |      24 |       3 |  11.1
            +---------+---------+-------+---------+---------+-------
